 Dungeon Crawl Stone Soup version 0.27.0-1-g7a08968 (webtiles) character file.

Game seed: 5020761025201510105

52 NeededCrab the Cudgeller (level 4, -2/37 HPs)
             Began as a Formicid Monk on Oct 17, 2021.
             Slain by an orc (6 damage)
             ... on level 2 of the Dungeon.
             The game lasted 00:06:13 (2992 turns).

NeededCrab the Cudgeller (Formicid Monk)            Turns: 2992, Time: 00:06:13

Health: -2/37      AC:  8    Str: 16    XL:     4   Next: 8%
Magic:  4/4        EV:  7    Int: 10    God:
Gold:   46         SH:  0    Dex: 13    Spells: 3/3 levels left

rFire    . . .     SeeInvis +   a - +0 mace
rCold    . . .     Faith    .   (no shield)
rNeg     . . .     Spirit   .   f - +0 chain mail
rPois    .         Reflect  .   (helmet unavailable)
rElec    .         Harm     .   (no cloak)
rCorr    .         Rampage  .   (no gloves)
Will     .....                  (no boots)
Stlth    ..........             (no amulet)
HPRegen  0.12/turn              (no ring)
MPRegen  0.09/turn              (no ring)

@: no status effects
A: permanent stasis, dig shafts and tunnels, antennae 3, four strong arms
a: Dig, Shaft Self


You were on level 2 of the Dungeon.
You visited 1 branch of the dungeon, and saw 3 of its levels.

You collected 46 gold pieces.

Inventory:

Hand Weapons
 a - a +0 mace (weapon)
Armour
 f - a +0 chain mail (worn)
Scrolls
 b - a scroll of enchant weapon {unknown}
 d - a scroll of fear {unknown}
 g - a scroll of summoning {unknown}
 i - a scroll of fog {unknown}
Potions
 c - 2 potions of curing {unknown}
 e - a potion of lignification {unknown}
 h - a potion of attraction {unknown}
 j - a potion of experience {unknown}


   Skills:
 + Level 3.7 Fighting
 * Level 4.1 Maces & Flails
 + Level 1.2 Armour
 - Level 2.6 Dodging
 - Level 2.4 Stealth


You had 3 spell levels left.
You didn't know any spells.
Your spell library contained the following spells:

 Spells                   Type           Power      Damage    Failure   Level
 Gell's Gravitas          Tloc           0%         N/A       100%        3
 Teleport Other           Tloc           0%         N/A       100%        3
 Dispersal                Tloc           0%         N/A       100%        6


Dungeon Overview and Level Annotations

Branches:
Dungeon (3/15)

Altars:


Innate Abilities, Weirdness & Mutations

You cannot be hasted, slowed, berserked, paralysed or teleported.
You can dig through walls and to a lower floor.
You have a pair of large antennae on your head. (SInv)
Your four strong arms can wield two-handed weapons with a shield.


Message History

The orc priest is heavily wounded.
The orc hits you but does no damage. The orc priest barely misses you.
You hit the orc priest but do no damage.
The orc priest is heavily wounded.
The orc barely misses you.
The orc priest hits you but does no damage.
You hit the orc priest.
The orc priest is severely wounded.
The orc hits you with a +0 mace. The orc priest barely misses you.
You hit the orc priest.
The orc priest is severely wounded.
The orc hits you but does no damage.
The orc priest hits you but does no damage.
The orc hits you with a +0 mace. The orc priest hits you with a +0 whip.
You are too injured to fight recklessly!
You are too injured to fight recklessly!
You hit the orc priest.
The orc priest is severely wounded.
The orc hits you but does no damage.
The orc priest hits you but does no damage.
You hit the orc priest but do no damage.
The orc priest is severely wounded.
The orc barely misses you.
The orc priest hits you but does no damage.
You barely miss the orc priest.
The orc priest is severely wounded.
The orc hits you but does no damage.
The orc priest invokes the aid of Beogh against you.
Beogh smites you!
* * * LOW HITPOINT WARNING * * *
You closely miss the orc priest.
The orc priest is severely wounded.
The orc hits you with a +0 mace.
* * * LOW HITPOINT WARNING * * *
The orc priest hits you with a +0 whip.
* * * LOW HITPOINT WARNING * * *
You hit the orc priest.
You kill the orc priest!
The orc hits you with a +0 mace.
You die...

#############.############# #..#
..........................# #..#
###.###.#####..........##.# #..#
#.# #.# #.########.##.# #...
###.###.# #.# #.##.# #..#
#.......# #.## #####.##.####..#
#.......#####..###............(..
#..........##.#.o........รท.......
###.###........#@)...............
#.# ##...##(.#.##..............
#.# #...##..#.#####.##.####..# #.#
#...##..#..........####..#
#.#########..##...............#
#.........................##.##
###########...#.#######.####.##
#...#.#######.####.##
#...#................


You could see an orc.

Vanquished Creatures
  An orc priest (D:2)
  3 worms (D:2)
  A dart slug (D:1)
  3 bats
  3 endoplasms
  3 giant cockroaches (D:2)
  4 hobgoblins
  4 jackals (D:1)
  4 quokkas (D:2)
  5 ball pythons
  2 frilled lizards
  2 goblins (D:1)
  A kobold (D:1)
  3 rats
39 creatures vanquished.

Notes
Turn   | Place    | Note
-------+----------+-------------------------------------------
     0 | D:1      | NeededCrab the Formicid Monk began the quest for the Orb.
     0 | D:1      | Reached XP level 1. HP: 18/18 MP: 1/1
   232 | D:1      | Reached XP level 2. HP: 24/24 MP: 2/2
   597 | D:1      | Found a faded altar of an unknown god.
  1274 | D:1      | Reached XP level 3. HP: 29/29 MP: 3/3
  1917 | D:2      | Reached skill level 1 in Armour
  2504 | D:2      | Reached skill level 4 in Maces & Flails
  2666 | D:2      | Reached XP level 4. HP: 37/37 MP: 4/4
  2992 | D:2      | Slain by an orc

Illustrated notes

Levels and vault maps discovered:
D:1:      dpeg_arrival_three_same_balls, layout_loops_corners,
          shapermc_ecumenical_altar_notcrosses, amcnicky_mini_corridor_feature,
          minmay_misc_feat_enclosed
D:2:      layout_basic
D:3:      layout_loops_ring, nemelex_dance_club_becter, kennysheep_boxes,
          uniq_crazy_yiuf_cottage, uniq_natasha, uniq_ijyb

Skill      XL: |  1  2  3 |
---------------+----------+-----
Armour         | 1 |  1.2
Maces & Flails | 4 |  4.1
Fighting       | |  3.7
Dodging        | |  2.6
Stealth        | |  2.4

Action                   |  1- 3 |  4- 6 || total
-------------------------+-------+-------++-------
Melee: Mace              |   126 |    31 ||   157
 Abil: Dig               |     6 |     4 ||    10
 Stab: Sleeping          |     3 |       ||     3
Armor: Robe              |     4 |       ||     4
       Chain mail        |    49 |    22 ||    71
Dodge: Dodged            |    55 |    20 ||    75
